 Dungeon Crawl Stone Soup version 0.31-b1-18-g61460d1e46 (webtiles) character file.

Game seed: 2541846905221763820

682 NamelessAdventurer the Chopper (level 7, -4/71 HPs)
             Began as an Oni Gladiator on Jan 16, 2024.
             Succumbed to a water moccasin's poison
             ... on level 5 of the Dungeon.
             The game lasted 00:07:08 (1967 turns).

NamelessAdventurer the Chopper (Oni Gladiator)      Turns: 1967, Time: 00:07:09

Health: -4/71      AC:  3    Str: 19    XL:     7   Next: 61%
Magic:  9/10       EV: 10    Int:  9    God:
Gold:   89         SH:  0    Dex: 10    Spells: 2/10 levels left

rFire   . . .        e - +0 giant club
rCold   . . .        (shield currently unavailable)
rNeg    . . .        b - +0 robe
rPois   .            c - +0 hat
rElec   .            (no cloak)
rCorr   +            (gloves unavailable)
SInv    .            (boots unavailable)
Will    .....        (no amulet)
Stlth   ++           g - ring of wizardry
HPRegen 0.31/turn    f - ring of resist corrosion
MPRegen 0.12/turn

%: wizardry (x1)
@: lethally poisoned (-4 -> -22)
A: large, unfitting armour, horns 1, tough skin 1, double potion healing,
drunken brawling, fangs 1, talons 1, dopey 1
a: no special abilities


You were on level 5 of the Dungeon.
You visited 1 branch of the dungeon, and saw 5 of its levels.

You collected 89 gold pieces.

Inventory:

Hand Weapons
 a - a +0 war axe
 e - a +0 giant club (weapon)
Missiles
 d - a throwing net (quivered)
 k - a large rock
Armour
 b - a +0 robe (worn)
 c - a +0 hat (worn)
Jewellery
 f - a ring of resist corrosion (right hand)
 g - a ring of wizardry (left hand)
 h - a ring of ice
 l - a +6 ring of strength
Potions
 i - 2 potions of attraction


   Skills:
 * Level 4.3 Fighting
 * Level 4.6(5.0) Axes
 * Level 2.6(4.0) Maces & Flails
 * Level 2.8 Throwing
 * Level 1.7 Armour
 * Level 3.7 Dodging
 * Level 1.4 Stealth
 * Level 2.0 Spellcasting
 * Level 0.1 Conjurations
 * Level 0.1 Hexes
 * Level 1.3 Summonings
 * Level 0.1 Necromancy
 * Level 1.3 Translocations


You had 2 spell levels left.
You knew the following spells:

 Your Spells              Type           Power      Damage    Failure   Level
a - Call Imp              Summ           6%         N/A       12%         2
b - Blink                 Tloc           6%         N/A       12%         2
c - Kiss of Death         Conj/Necr      4%         2d5       12%         1
d - Confusing Touch       Hex            1%         N/A       34%         3

Your spell library contained the following spells:

 Spells                   Type           Power      Damage    Failure   Level
 Magic Dart               Conj           4%         1d3       12%         1
 Dispel Undead            Necr           1%         3d6       73%         4


Dungeon Overview and Level Annotations

Branches:
Dungeon (5/15)
 Temple: D:4-7

Altars:
Sif Muna


Innate Abilities, Weirdness & Mutations

You are too large for most types of armour.
You have a pair of small horns on your head.
You have tough skin. (AC +1)
You gain doubled healing and magic from potions.
Whenever you drink a healing potion, you attack all around you.
You have very sharp teeth.
You have sharp toenails.
You are dopey. (Int -2)


Message History

The water moccasin barely misses you. x2
You closely miss the water moccasin. Your kick misses the water moccasin.
The water moccasin is severely wounded.
You feel very sick. The water moccasin bites you.
You are more poisoned.
The water moccasin poisons you! The water moccasin barely misses you.
You closely miss the water moccasin. Your kick misses the water moccasin.
Your headbutt misses the water moccasin.
The water moccasin is severely wounded.
You feel very sick. The water moccasin bites you. The water moccasin bites you!
You are more poisoned.
The water moccasin poisons you!
You closely miss the water moccasin. You headbutt the water moccasin.
The water moccasin is almost dead.
You feel extremely sick. The water moccasin misses you.
The water moccasin bites you.
You barely miss the water moccasin. You claw the water moccasin.
Your headbutt misses the water moccasin.
Your bite misses the water moccasin.
The water moccasin is almost dead.
You feel very sick. The water moccasin bites you!
* * * LOW HITPOINT WARNING * * *
You are more poisoned.
The water moccasin poisons you! The water moccasin bites you.
* * * LOW HITPOINT WARNING * * *
Okay, then.
You closely miss the water moccasin. Your kick misses the water moccasin.
You headbutt the water moccasin.
You kill the water moccasin!
* * * LOW HITPOINT WARNING * * *
You feel extremely sick. The orc hits you with a +0 whip.
* * * LOW HITPOINT WARNING * * *
Your Spellcasting skill increases to level 2!
You bludgeon the orc!!
You kill the orc!
You die...

### # ..#
#. #.# ...
#.# #...
#.# .....
#.#
......##.#
._.....)@#
....#.##.#
. # #..#
#..# #
#..# ###.
##..#
#....
#...###..#
#..))...#
#......##
#######


There were no monsters in sight!

Vanquished Creatures
  Grinder (D:5)
  A water moccasin (D:5)
  An ogre (D:4)
  A hound (D:5)
  An orc priest (D:4)
  A sleepcap (D:4)
  2 iguanas (D:4)
  4 adders
  6 gnolls
  2 dart slugs
  A ribbon worm (D:4)
  8 orcs
  A ball python (D:4)
  2 bats
  3 endoplasms
  A giant cockroach (D:2)
  3 goblins
  6 hobgoblins
  A quokka (D:1)
  A frilled lizard (D:2)
  3 kobolds
50 creatures vanquished.

Vanquished Creatures (collateral kills)
  A gnoll (D:2)
1 creature vanquished.

Grand Total: 51 creatures vanquished

Notes
Turn   | Place    | Note
-------+----------+-------------------------------------------
     0 | D:1      | NamelessAdventurer the Oni Gladiator began the quest for
                  | the Orb.
     0 | D:1      | Reached XP level 1. HP: 22/22 MP: 1/1
   101 | D:1      | Reached XP level 2. HP: 24/29 MP: 2/2
   301 | D:2      | Reached XP level 3. HP: 34/36 MP: 3/3
   337 | D:2      | Learned a level 2 spell: Call Imp
   400 | D:2      | Reached XP level 4. HP: 10/45 MP: 4/4
   403 | D:2      | HP: 1/45 [gnoll/+0 spear (6)]
   592 | D:3      | Learned a level 2 spell: Blink
   682 | D:4      | Reached XP level 5. HP: 25/53 MP: 6/6
   962 | D:4      | Noticed an ogre
   972 | D:4      | Killed an ogre
   973 | D:4      | Reached skill level 1 in Armour
   973 | D:4      | Reached skill level 1 in Stealth
   973 | D:4      | Reached skill level 1 in Spellcasting
  1130 | D:4      | Reached XP level 6. HP: 53/62 MP: 7/7
  1440 | D:4      | Reached skill level 1 in Summonings
  1510 | D:4      | Reached skill level 1 in Maces & Flails
  1708 | D:5      | Entered Level 5 of the Dungeon
  1762 | D:5      | Reached skill level 1 in Translocations
  1845 | D:5      | Noticed Grinder
  1876 | D:5      | Gained mutation: You have sharp toenails. [potion of
                  | mutation]
  1876 | D:5      | Gained mutation: You are dopey. (Int -2) [potion of
                  | mutation]
  1876 | D:5      | Gained mutation: You have very sharp teeth. [potion of
                  | mutation]
  1882 | D:5      | Killed Grinder
  1883 | D:5      | Reached XP level 7. HP: 58/70 MP: 9/9
  1892 | D:5      | Learned a level 1 spell: Kiss of Death
  1896 | D:5      | Learned a level 3 spell: Confusing Touch
  1952 | D:5      | Found a shimmering blue altar of Sif Muna.
  1966 | D:5      | HP: 3/70 [poisoned by a water moccasin]
  1967 | D:5      | Succumbed to a water moccasin's poison

Illustrated notes

Levels and vault maps discovered:
D:1:      dpeg_arrival_morbid_curiosity, layout_rooms, st_stairs_4
D:2:      layout_loops_ring, basic_altar
D:3:      layout_basic, gammafunk_temple_overflow_claw,
          chequers_temple_overflow_minitemple, mainiacjoe_overflow_paths,
          minmay_tree_intersection
D:4:      layout_basic
D:5:      layout_rooms, minitemple, nicolae_overflow_crystal_walls,
          minmay_temple_entry_purple_smoke, corexii_item_surrounded_by_moat,
          uniq_grinder

Skill      XL: |  1  2  3  4  5  6  7 |
---------------+----------------------+-----
Dodging        | 3 |  3.7
Fighting       | 3 4 |  4.3
Axes           | 4 |  4.6
Armour         | 1 |  1.7
Stealth        | 1 |  1.4
Spellcasting   | 1 2 |  2.0
Summonings     | 1 |  1.3
Maces & Flails | 2 |  2.6
Translocations | 1 |  1.3
Throwing       | |  2.8
Conjurations   | |  0.1
Hexes          | |  0.1
Necromancy     | |  0.1

Action                     |  1- 3 |  4- 6 |  7- 9 || total
---------------------------+-------+-------+-------++-------
  Melee: War axe           |    59 |    32 |       ||    91
         Headbutt          |     5 |    12 |     4 ||    21
         Giant club        |       |    41 |    13 ||    54
         Kick              |       |     2 |     3 ||     5
         Bite              |       |       |     1 ||     1
  Throw: Throwing net      |       |     6 |     2 ||     8
         Large rock        |       |     1 |       ||     1
   Cast: Call Imp          |     1 |     3 |       ||     4
    Use: Scroll            |     2 |     3 |       ||     5
         Potion            |       |     5 |       ||     5
   Stab: Held in net/web   |       |     2 |       ||     2
         Sleeping          |       |     2 |       ||     2
 Armour: Robe              |    53 |    53 |    10 ||   116
  Dodge: Dodged            |    38 |    39 |    11 ||    88
